 Dungeon Crawl Stone Soup version 0.30-a0-368-g86fb4627a9 (webtiles) character file.

Game seed: 8276969671935752459

42 HolyTactitian the Shooter (level 3, -1/20 HPs)
             Began as a Kobold Hexslinger on Nov 18, 2022.
             Slain by Natasha (6 damage)
             ... on level 2 of the Dungeon.
             The game lasted 00:17:14 (1121 turns).

HolyTactitian the Shooter (Kobold Hexslinger)       Turns: 1121, Time: 00:17:14

Health: -1/20      AC:  4    Str:  7    XL:     3   Next: 80%
Magic:  1/4        EV: 15    Int: 14    God:
Gold:   22         SH:  0    Dex: 17    Spells: 3/4 levels left

rFire   . . .      SeeInvis .    a - +1 sling
rCold   . . .      Faith    .    (no shield)
rNeg    . . .      Spirit   .    c - +0 robe
rPois   .          Reflect  .    (no helmet)
rElec   .          Harm     .    h - +0 cloak
rCorr   .          Rampage  .    (no gloves)
Will    .....                    g - +0 pair of boots
Stlth   +++.......               (no amulet)
HPRegen 0.23/turn                (no ring)
MPRegen 0.09/turn                (no ring)

@: slowed, very slow
A: small, no large weapons, nightstalker 3
a: no special abilities


You were on level 2 of the Dungeon.
You visited 1 branch of the dungeon, and saw 2 of its levels.

You collected 22 gold pieces.

Inventory:

Hand Weapons
 a - a +1 sling (weapon)
Missiles
 d - 2 poisoned darts
Armour
 c - a +0 robe (worn)
 g - a +0 pair of boots (worn)
 h - a +0 cloak (worn)
Scrolls
 b - a scroll of poison
 i - 2 scrolls of identify {unknown}
Potions
 e - a potion of invisibility {unknown}
 f - a potion of resistance {unknown}
 j - a potion of ambrosia {unknown}


   Skills:
 + Level 1.4 Fighting
 + Level 3.8 Ranged Weapons
 + Level 2.5 Dodging
 + Level 0.2 Stealth
 + Level 1.2 Spellcasting
 + Level 3.6 Hexes


You had 3 spell levels left.
You knew the following spells:

 Your Spells              Type           Power      Damage    Failure   Level
a - Slow                  Hex            44%        N/A       6%          1

Your spell library contained the following spells:

 Spells                   Type           Power      Damage    Failure   Level
 Apportation              Tloc           0%         N/A       26%         1
 Magic Dart               Conj           0%         1d3       26%         1
 Call Imp                 Summ           0%         N/A       36%         2
 Inner Flame              Hex/Fire       5%         N/A       36%         3
 Portal Projectile        Hex/Tloc       10%        N/A       36%         3
 Gell's Gravitas          Tloc           0%         N/A       61%         3
 Lesser Beckoning         Tloc           0%         N/A       61%         3
 Mephitic Cloud           Conj/Pois/Air  0%         N/A       61%         3
 Teleport Other           Tloc           0%         N/A       61%         3
 Cause Fear               Hex            5%         N/A       50%         4
 Alistair's Intoxication  Tmut/Pois      0%         N/A       100%        5


Dungeon Overview and Level Annotations

Branches:
Dungeon (2/15)

Altars:
Fedhas

Annotations:
D:2 Natasha


Innate Abilities, Weirdness & Mutations

You are small and have problems with some larger weapons.
You are completely attuned to the shadows.


Message History

Natasha is severely wounded.
You hear an angry hiss.
The frilled lizard closely misses you. The crimson imp completely misses you.
The iron imp hits something!
Fire: a) +1 sling
Press: ? - help, Q - select action, (/) - cycle Shift-Dir - straight line, f/p - Natasha
Aim: Natasha (severely wounded, 51% to hit)
You shoot a sling bullet.
The sling bullet hits the frilled lizard.
You kill the frilled lizard!
You hear an angry hiss.
The crimson imp barely misses you.
Something bites the plant.
The plant begins to die.
Natasha stares at you and mumbles some strange words.
You feel yourself slow down.
Fire: a) +1 sling
Press: ? - help, Q - select action, (/) - cycle Shift-Dir - straight line, f/p - Natasha
Aim: Natasha (severely wounded, 51% to hit)
You shoot a sling bullet. The sling bullet barely misses Natasha.
You hear an angry hiss.
The crimson imp misses you.
Something bites the plant.
The plant begins to die.
The iron imp shouts, "Fly, thou baffled rude-growing buzzard-bait!"
The iron imp hits something!
Natasha casts a spell at you. You resist with significant effort.
The crimson imp hits you but does no damage.
An endoplasm comes into view.
Something bites the plant.
The iron imp hits something!
Natasha claws you!
* * * LOW HITPOINT WARNING * * *
You hear an angry hiss.
Fire: a) +1 sling
Press: ? - help, Q - select action, (/) - cycle Shift-Dir - straight line, f/p - Natasha
Aim: Natasha (severely wounded, 51% to hit)
You shoot a sling bullet. The sling bullet misses Natasha.
The endoplasm quivers.
You hear an angry hiss.
A nearby plant withers and dies.
The crimson imp hits you but does no damage.
Natasha claws you.
You die...

#.........#
#......†# ##
########'##
#.......# # #.#
#.......##### #.#
#..##+####...
#.#####'##.# #.##
#.##.......####.##
#.##..........†...
#.##......#.......
#@##......#######.
P.5h5##......# .
##..5. ......#
.....J# ......#


You could see an iron imp (summoned), Natasha, 2 crimson imps and an endoplasm.

Vanquished Creatures
  2 adders (D:2)
  A dart slug (D:2)
  5 endoplasms
  2 giant cockroaches (D:1)
  2 goblins (D:2)
  A hobgoblin (D:1)
  A kobold (D:1)
  A quokka (D:2)
  A ball python (D:1)
  4 frilled lizards
  3 rats
23 creatures vanquished.

Vanquished Creatures (others)
  10 plants (D:2)
10 creatures vanquished.

Grand Total: 33 creatures vanquished

Notes
Turn   | Place    | Note
-------+----------+-------------------------------------------
     0 | D:1      | HolyTactitian the Kobold Hexslinger began the quest for the
                  | Orb.
     0 | D:1      | Reached XP level 1. HP: 12/12 MP: 2/2
   248 | D:1      | Reached XP level 2. HP: 16/16 MP: 1/3
   847 | D:2      | Found a blossoming altar of Fedhas.
   849 | D:2      | Reached XP level 3. HP: 20/20 MP: 4/4
  1111 | D:2      | Noticed Natasha
  1121 | D:2      | Slain by Natasha

Illustrated notes

Levels and vault maps discovered:
D:1:      dpeg_arrival_windows_large_door, layout_rooms
D:2:      layout_basic, basic_altar, minmay_lizard_king, uniq_natasha

Skill      XL: |  1  2 |
---------------+-------+-----
Ranged Weapons | 3 |  3.8
Fighting       | |  1.4
Dodging        | |  2.5
Stealth        | |  0.2
Spellcasting   | |  1.2
Hexes          | |  3.6

Action                   || total
-------------------------++-------
 Fire: Sling             ||    84
 Cast: Slow              ||     7
Armor: Robe              ||    15
Dodge: Dodged            ||    54

Table legend: (Time is in decaauts)
 A = Elapsed time spent in this place.
 B = Non-inter-level travel time spent in this place.
 C = Inter-level travel time spent in this place.
 D = Time resting spent in this place.
 E = Time spent auto-exploring this place.
 F = Levels seen in this place.
 G = Mean time per level.
                   A        B        C        D        E       F      G
               +--------+--------+--------+--------+--------+-----+--------+
         Total |   1141 |   1109 |     32 |     62 |      0 |   2 |  570.5 |
       Dungeon |   1141 |   1109 |     32 |     62 |      0 |   2 |  570.5 |
               +--------+--------+--------+--------+--------+-----+--------+

Top non-repeatable levels by time:
     D:2: 614 daAuts
     D:1: 526 daAuts
